 Dungeon Crawl Stone Soup version 0.19-a0-994-g3c636f0 (webtiles) character file.

943 4thArraOfDagon the Bolt Thrower (level 7, 0/54 HPs)
             Began as a Mummy Arcane Marksman on July 16, 2016.
             Was a Believer of Okawaru.
             Slain by a goblin
             ... wielding a +0 war axe
              (4 damage)
             ... in a bailey.
             The game lasted 00:19:31 (4144 turns).

4thArraOfDagon the Bolt Thrower (MuAM)              Turns: 4144, Time: 00:19:32

Health: 0/54       AC:  9    Str: 14    XL:     7   Next: 88%
Magic:  10/10      EV: 11    Int: 14    God:    Okawaru [**....]
Gold:   111        SH:  0    Dex: 12    Spells: 1 memorised, 7 levels left

rFire  x . .     SeeInvis +     p - +0 rapier
rCold  + . .     Gourm    .     o - +0 scale mail
rNeg   + + +     Faith    .     (no shield)
rPois  ∞         Spirit   .     (no helmet)
rElec  .         Dismiss  .     (no cloak)
rCorr  .         Reflect  +     w - +1 pair of gloves
SustAt .         Harm     .     (no boots)
MR     .....                    x - +5 amulet of reflection
Stlth  ..........               s - ring of see invisible
                                h - ring of flight

@: confused, heroism, drained, not resistant to hostile enchantments, extremely
unstealthy
A: no food or potions, fire vulnerability, cold resistance 1, negative energy
resistance 3, torment resistance, unbreathing
a: Heroism, Renounce Religion, Evoke Flight


You were in a bailey.
You worshipped Okawaru.
Okawaru was pleased with you.
You were not hungry.

You visited 1 branch of the dungeon, and saw 8 of its levels.
You also visited: Bailey.

You collected 361 gold pieces.
You spent 250 gold pieces at shops.

Inventory:

Hand Weapons
 a - a +0 hand crossbow
 j - a +0 short sword
 p - a +0 rapier (weapon)
 r - a +0 war axe
 B - a +0 scimitar
Missiles
 d - 6 bolts
 t - 6 curare-tipped needles
Armour
 b - a +0 ring mail
 f - a +0 plate armour
 o - a +0 scale mail (worn)
 v - a +0 chain mail
 w - a +1 pair of gloves (worn)
Jewellery
 h - a ring of flight (left hand)
 n - an uncursed ring of loudness
 s - a ring of see invisible (right hand)
 x - a +5 amulet of reflection (around neck)
 z - an uncursed amulet of harm
Wands
 u - a wand of random effects (10/48)
Scrolls
 k - 2 scrolls of identify
 l - a scroll of remove curse
 q - a scroll of enchant armour
Books
 c - a book of Debilitation

   Spells                             Type                      Level
   a - Corona                         Hexes                        1
   b - Slow                           Hexes                        2
   c - Gell's Gravitas                Hexes/Translocation          3
   d - Inner Flame                    Hexes/Fire                   3
   e - Cause Fear                     Hexes                        4
   f - Leda's Liquefaction            Hexes/Earth                  4


   Skills:
 - Level 4.1(8.1) Fighting
 * Level 1.0(5.0) Long Blades
 - Level 2.0(6.0) Axes
 - Level 4.3(8.3) Crossbows
 + Level 1.6(5.6) Armour
 - Level 1.5(5.5) Dodging
 - Level 1.0(0.1) Spellcasting
 - Level 2.6(1.8) Hexes
 - Level 4.1(3.2) Invocations


You had 7 spell levels left.
You knew the following spells:

 Your Spells              Type           Power        Failure   Level  Hunger
a - Corona                Hex            #......      63%         1    N/A

Dungeon Overview and Level Annotations

Branches:
Dungeon (8/15)             Temple (0/1) D:7
   Lair: D:8-11

Altars:
Cheibriados
Dithmenos
Fedhas
Hepliaklqana
Makhleb
Okawaru
Trog
Vehumet
The Shining One

Shops:
D:6 =


Innate Abilities, Weirdness & Mutations

You do not eat or drink.
Your flesh is vulnerable to fire.
You are immune to poison.
Your flesh is cold resistant. (rC+)
You are immune to negative energy. (rN+++)
You are immune to unholy pain and torment.
You can survive without breathing.


Message History

The hobgoblin hits you with a hand axe.
* * * LOW HITPOINT WARNING * * *
The goblin barely misses you.
Unknown command.
The hobgoblin hits you but does no damage.
The hobgoblin closely misses you. The goblin barely misses you.
An orc comes into view. It is wielding a hand axe.
The hobgoblin hits you but does no damage. x2
The goblin hits you with a war axe.
* * * LOW HITPOINT WARNING * * *
The orc moves out of view.
Unknown command.
The hobgoblin hits you but does no damage. x2
Unknown command.
The goblin hits you with a war axe.
* * * LOW HITPOINT WARNING * * *
The hobgoblin hits you but does no damage. x2
Unknown command.
The goblin hits you with a war axe.
You die...

#'###≈o≈###'#
#....≈.≈....#
######g######
.). #...#
#...#
######+##
#(.g#ogo#.
#.@goo8...
#..g#oo.#.
##### ##


You could see an orc knight, 2 orc warriors, 3 orcs, 3 hobgoblins and a goblin.

Vanquished Creatures
  3 ogres
  A centaur (D:5)
  A scorpion (D:4)
  A howler monkey (D:4)
  A crimson imp (D:6)
  3 hounds
  A jelly (D:6)
  2 orc priests
  6 worker ants
  A gnoll (Bailey)
  6 adders
  2 shadow imps (D:6)
  An adder skeleton (D:4)
  3 dart slugs
  5 giant geckos
  4 orcs
  3 giant cockroaches
  5 hobgoblins
  11 jackals
  3 bats (D:2)
  5 giant newts
  7 goblins
  10 kobolds
  12 rats
97 creatures vanquished.

Vanquished Creatures (others)
  4 kobolds (Bailey)
4 creatures vanquished.

Grand Total: 101 creatures vanquished

Notes
Turn   | Place    | Note
-------+----------+-------------------------------------------
     0 | D:1      | 4thArraOfDagon the Mummy Arcane Marksman began the quest for the Orb.
     0 | D:1      | Reached XP level 1. HP: 15/15 MP: 2/2
     0 | D:1      | jacquesderrida: deng
   101 | D:1      | Reached XP level 2. HP: 21/21 MP: 3/3
   491 | D:2      | Reached XP level 3. HP: 26/26 MP: 4/4
   904 | D:2      | Found an iron altar of Okawaru.
   908 | D:2      | jacquesderrida: o
   908 | D:2      | 4thArraOfDagon: how about oka?
   908 | D:2      | jacquesderrida: oker....
   908 | D:2      | 4thArraOfDagon: oke
   909 | D:2      | jacquesderrida: ye
   912 | D:2      | Became a worshipper of Warmaster Okawaru
   916 | D:2      | jacquesderrida: oke gud
   922 | D:2      | Reached XP level 4. HP: 20/32 MP: 5/5
  1560 | D:3      | Found a bloodstained altar of Trog.
  1802 | D:4      | Reached XP level 5. HP: 16/37 MP: 6/6
  1866 | D:4      | Noticed an ogre
  1889 | D:4      | HP: 1/37 [ogre/giant club (24)]
  1890 | D:4      | Killed an ogre
  2050 | D:4      | Reached * piety under Okawaru
  2135 | D:4      | Reached XP level 6. HP: 20/48 MP: 7/7
  2318 | D:5      | Entered Level 5 of the Dungeon
  2541 | D:6      | Found a hazy altar of Hepliaklqana.
  2572 | D:6      | Found a glowing golden altar of the Shining One.
  2573 | D:6      | Found a radiant altar of Vehumet.
  2583 | D:6      | Reached skill level 1 in Axes
  2595 | D:6      | Found a snail-covered altar of Cheibriados.
  2615 | D:6      | Reached skill level 1 in Invocations
  2699 | D:7      | Found a staircase to the Ecumenical Temple.
  2735 | D:6      | Reached ** piety under Okawaru
  2735 | D:6      | Reached XP level 7. HP: 42/54 MP: 8/8
  2787 | D:6      | Found Beukhanli's Jewellery Shoppe.
  2792 | D:6      | Found a blossoming altar of Fedhas.
  2809 | D:6      | jacquesderrida: oka ples gibbe bullets
  2955 | D:6      | jacquesderrida: shoppe...
  2979 | D:6      | Bought a +5 amulet of reflection for 250 gold pieces
  2984 | D:5      | jacquesderrida: heh
  3223 | D:5      | jacquesderrida: haram
  3233 | D:5      | Found a shadowy altar of Dithmenos.
  3539 | D:5      | Found a blossoming altar of Fedhas.
  3559 | D:5      | Found a burning altar of Makhleb.
  3746 | D:7      | Reached skill level 1 in Armour
  3983 | D:8      | Reached skill level 1 in Long Blades
  3989 | D:8      | Found a flagged portal.
  4020 | Bailey   | Entered a bailey
  4021 | Bailey   | jacquesderrida: oiiiii...
  4028 | Bailey   | jacquesderrida: sekrit tactics
  4062 | Bailey   | jacquesderrida: If you hide now, they'll wander off to the teleports
  4068 | Bailey   | jacquesderrida: And get to your island
  4069 | Bailey   | jacquesderrida: reeee
  4135 | Bailey   | Noticed an orc knight
  4135 | Bailey   | jacquesderrida: hmmmmmmmmmmmmm
  4136 | Bailey   | jacquesderrida: wat do
  4136 | Bailey   | Paralysed by you for 2 turns
  4138 | Bailey   | jacquesderrida: wew
  4143 | Bailey   | jacquesderrida: ;^(
  4144 | Bailey   | Slain by a goblin

Vault maps used:
D:1:      dpeg_arrival_long_road
D:2:      okawaru_metal_pillars_3, minmay_rat_gold_closets
D:3:      lemuel_doored_altar
D:5:      lemuel_crystal_altar, grunt_dithmenos_smoke_and_mirrors, first_bread,
          hangedman_abyss_or_decor_lesser_grid, minmay_item_behind_shaft,
          kennysheep_decorative_pillar, fedhas_altar_4, uniq_pikel
D:6:      lemuel_slime, marbit_many_paths, gammafunk_temple_overflow_forgotten,
          serial_shops, shop_statue, basic_altar
D:7:      gammafunk_pakellas_spire_experiment, kennysheep_mini
D:8:      enter_bailey_3
Bailey:   bailey_axe_1, bailey

Skill      XL: |  1  2  3  4  5  6  7 |
---------------+----------------------+-----
Crossbows      | 2 3 4 |  4.3
Fighting       | 3 4 |  4.1
Axes           | 2 |  2.0
Invocations    | 1 4 |  4.1
Armour         | 1 |  1.6
Long Blades    | 1 |  1.0
Dodging        | |  1.5
Spellcasting   | |  1.0
Hexes          | |  2.6

Action                   |  1- 3 |  4- 6 |  7- 9 || total
-------------------------+-------+-------+-------++-------
Melee: Short sword       |    86 |    57 |       ||   143
       Rapier            |       |    75 |   126 ||   201
       War axe           |       |       |    22 ||    22
       Scimitar          |       |       |    12 ||    12
 Fire: Hand crossbow     |    57 |    72 |    17 ||   146
Throw: Tomahawk          |       |       |    30 ||    30
Invok: Heroism           |       |       |     4 ||     4
Evoke: Wand              |       |     5 |    17 ||    22
  Use: Scroll            |       |     2 |     9 ||    11
Armor: Ring mail         |     9 |       |       ||     9
       Plate armour      |    92 |    47 |       ||   139
       Scale mail        |       |    54 |   121 ||   175
Dodge: Dodged            |    28 |    83 |   120 ||   231
Block: Other             |       |       |    59 ||    59
       Reflection        |       |       |    24 ||    24
